 Dungeon Sprint DCSS version 0.14-a0-3376-gf173aa4 (webtiles) character file.

152 Froboctopus the Vexing (level 4, -10/30 HPs)
             Began as a Vampire Enchanter on Mar 20, 2014.
             Killed from afar by an oklob sapling priest (14 damage)
             ... with a splash of acid
             ... in the Dungeon (Sprint IV: "Fedhas' Mad Dash").
             The game lasted 00:01:21 (360 turns).

Froboctopus the Vexing (Vampire Enchanter)           Turns: 360, Time: 00:01:22

HP -10/30        AC  2     Str  8      XL: 4   Next: 29%
MP   6/10        EV 12     Int 17      God:
Gold 64          SH  0     Dex 14      Spells:  3 memorised,  5 levels left

rFire  . . .     SeeInvis +     a - +1 dagger
rCold  . . .     Clarity  .     b - +0 robe
rNeg   + . .     Conserve .     (no shield)
rPois  .         rCorr    .     (no helmet)
rElec  .         rRot     .     (no cloak)
SustAb . .       Spirit   .     (no gloves)
rMut   .         Warding  .     (no boots)
Saprov . . .     NoTele   +     (no amulet)
MR     .....                    (no ring)
                                (no ring)

@: not resistant to hostile enchantments, quite stealthy
A: fangs 3, see invisible, unbreathing
a: Bat Form


You were in the Dungeon.
You were not thirsty.

You visited 1 branch You collected 64 gold pieces.

Inventory:

Hand weapons
 a - a +1,+1 dagger (weapon)
Missiles
 d - 12 darts (quivered)
Armour
 b - a +0 robe (worn)
Scrolls
 f - a scroll of random uselessness {unknown}
 h - a scroll of enchant weapon II {unknown}
 k - a scroll of blinking
Jewellery
 l - an uncursed ring of invisibility
Potions
 e - a potion of blood
 g - a potion of heal wounds
 i - 2 potions of magic
 j - a potion of berserk rage
Books
 c - a book of Maledictions

   Spells                             Type                      Level
   *Corona                            Hexes                        1
   *Sure Blade                        Hexes/Charms                 2
   *Ensorcelled Hibernation           Hexes/Ice                    2
   Confuse                            Hexes                        3
   Enslavement                        Hexes                        4
   Invisibility                       Hexes                        6


   Skills:
 * Level 5.9 Short Blades
 - Level 0.7 Throwing
 - Level 2.1 Dodging
 + Level 6.5 Stealth
 + Level 3.9 Spellcasting
 + Level 7.0 Hexes


You had 5 spell levels left.
You knew the following spells:

 Your Spells              Type           Power        Failure   Level  Hunger
a - Corona                Hex            ####...      1%          1    None
b - Ensorcelled Hibernat  Hex/Ice        ###...       6%          2    ##.....
c - Sure Blade            Hex/Chrm       ###.......   6%          2    ##.....


Dungeon Overview and Level Annotations

Branches:
Dungeon (1/1)

Altars:
Cheibriados
Dithmenos
Elyvilon
Kikubaaqudgha
Makhleb
Nemelex Xobeh
Okawaru
Sif Muna
Trog
Vehumet
Xom
Yredelemnul
Zin
The Shining One
Beogh
Jiyva
Lugonu

Annotations:
D exclusion: oklob sapling


Innate Abilities, Weirdness & Mutations

You have razor-sharp teeth.*
You have supernaturally acute eyesight.
You can survive without breathing.*


Message History

You bite the oklob sapling priest, but do no damage.
The oklob sapling priest is heavily damaged.
You hit the oklob sapling priest but do no damage.
The oklob sapling priest is heavily damaged.
The oklob sapling priest becomes somewhat translucent.
You hit the oklob sapling priest.
The oklob sapling priest is heavily damaged.
You hit the oklob sapling priest but do no damage.
The oklob sapling priest is heavily damaged.
You hit the oklob sapling priest but do no damage.
You bite the oklob sapling priest, but do no damage.
The oklob sapling priest is heavily damaged.
You hit the oklob sapling priest.
You bite the oklob sapling priest, but do no damage.
The oklob sapling priest is severely damaged.
The oklob sapling priest spits acid at you.
The splash of acid hits you!
The acid corrodes your +1 robe!
The acid burns!
Ouch! That really hurt!
* * * LOW HITPOINT WARNING * * *
You die...

########################
.....#.....#.⌠.........⌠
.....'.#...'._._._._._._.
.....#.#%..#.._.@P_._._..
#########'##._._._._._._.
.......+...#.⌠.........⌠
.♣.....#...#############
♣..♣..###### #+#####


You could see an oklob sapling priest.

Vanquished Creatures
  A worker ant (D)
  2 oklob saplings (D)
  A green rat (D)
  A rat (D)
5 creatures vanquished.

Notes
Turn   | Place    | Note
--------------------------------------------------------------
     0 | D        | Froboctopus, the Vampire Enchanter, began the quest for the Orb.
     0 | D        | Reached XP level 1. HP: 13/13 MP: 3/3
    29 | D        | Reached skill level 5 in Hexes
    29 | D        | Reached XP level 2. HP: 8/19 MP: 3/5
    40 | D        | Noticed an oklob sapling
    42 | D        | Killed an oklob sapling
    42 | D        | Reached skill level 5 in Stealth
    42 | D        | Reached skill level 6 in Hexes
    42 | D        | Reached XP level 3. HP: 11/24 MP: 5/8
    44 | D        | Noticed a worker ant
    46 | D        | Killed a worker ant
    46 | D        | Reached skill level 5 in Short Blades
    48 | D        | Noticed an oklob sapling
    51 | D        | Killed an oklob sapling
    51 | D        | Reached skill level 7 in Hexes
    51 | D        | Reached XP level 4. HP: 13/30 MP: 6/10
    54 | D        | Found a snail-covered altar of Cheibriados.
    54 | D        | Found a glowing silver altar of Zin.
    54 | D        | Found a white marble altar of Elyvilon.
    55 | D        | Found a glowing golden altar of the Shining One.
    55 | D        | Found a viscous altar of Jiyva.
    55 | D        | Found a radiant altar of Vehumet.
    55 | D        | Found a deep blue altar of Sif Muna.
    55 | D        | Found an ancient bone altar of Kikubaaqudgha.
    55 | D        | Found a bloodstained altar of Trog.
    55 | D        | Found a corrupted altar of Lugonu.
    55 | D        | Noticed an oklob sapling priest
    78 | D        | Noticed a killer bee
    78 | D        | Noticed a queen bee
   332 | D        | Learned a level 2 spell: Ensorcelled Hibernation
   335 | D        | Learned a level 2 spell: Sure Blade
   338 | D        | Found a burning altar of Makhleb.
   338 | D        | Found a sparkling altar of Nemelex Xobeh.
   339 | D        | Found a shimmering altar of Xom.
   339 | D        | Found an iron altar of Okawaru.
   340 | D        | Found a shadowy altar of Dithmenos.
   341 | D        | Found a roughly hewn altar of Beogh.
   341 | D        | Found a basalt altar of Yredelemnul.
   360 | D        | Killed from afar by an oklob sapling priest

Action                   |  1- 3 |  4- 6 || total
-------------------------+-------+-------++-------
Melee: Dagger            |    21 |    16 ||    37
 Cast: Corona            |     2 |       ||     2
       Ensorcelled Hiber |       |     2 ||     2
       Sure Blade        |       |     1 ||     1
  Use: Potion            |     3 |       ||     3
 Stab: Sleeping          |     3 |       ||     3
